[ PARTIDA AOE2 · #467825315 ]
UnrankedMagiares vs Slavs
[ ANÁLISIS DE REPETICIÓN · EXTRAÍDO DE LA PARTIDA GRABADA ]
Feudal
—
Castillos
—
Imperial
—
| APM promedio | 82.0 |
| APM pico | 84 |
| eAPM promedio | 17.5 |
| Aldeanos / militares | 9 / 0 |
Foco
⚔️ 17.6% · 🌾 82.4%
Feudal
—
Castillos
—
Imperial
—
| APM promedio | 70.9 |
| APM pico | 66 |
| eAPM promedio | 11.1 |
| Aldeanos / militares | 4 / 0 |
Foco
⚔️ 0.0% · 🌾 100.0%
Feudal
—
Castillos
—
Imperial
—
| APM promedio | 30.4 |
| APM pico | 32 |
| eAPM promedio | 12.0 |
| Aldeanos / militares | 4 / 0 |
Foco
⚔️ 0.0% · 🌾 100.0%
Feudal
—
Castillos
—
Imperial
—
| APM promedio | 41.4 |
| APM pico | 43 |
| eAPM promedio | 4.6 |
| Aldeanos / militares | 0 / 0 |
Foco
⚔️ 0.0% · 🌾 100.0%
Mapa de la partida
Recursos iniciales + cada clic de construcción. Líneas = muros · curvas = relieve. ◆ oro · ⬟ piedra · ● bayas · ✦ reliquia · ◌ hueco del cierre
Inputs por minuto
— 酷毙嫩波万 - - OnlyzJxMs_v
Build order — 酷毙嫩波万
11 acciones detectadas en el replay
| 0:02 | Construir | House |
| 0:03 | Construir | House |
| 0:04 | Crear | Villager (Male) |
| 0:04 | Crear | Villager (Male) |
| 0:04 | Crear | Villager (Male) |
| 0:18 | Crear | Villager (Male) |
| 0:18 | Crear | Villager (Male) |
| 0:21 | Investigar | Loom |
| 0:44 | Crear | Villager (Male) |
| 0:44 | Crear | Villager (Male) ×2 |
| 0:45 | Crear | Villager (Male) |
Build order — OnlyzJxMs_v
6 acciones detectadas en el replay
| 0:01 | Crear | Villager (Male) |
| 0:02 | Construir | House |
| 0:13 | Investigar | Loom |
| 0:14 | Crear | Villager (Male) |
| 0:14 | Crear | Villager (Male) |
| 0:14 | Crear | Villager (Male) |
Build order — qkry335791
6 acciones detectadas en el replay
| 0:07 | Construir | House |
| 0:10 | Construir | House |
| 0:22 | Crear | Villager (Male) |
| 0:23 | Crear | Villager (Male) |
| 0:23 | Crear | Villager (Male) |
| 0:23 | Crear | Villager (Male) |
Build order — 张金金吃榴莲
2 acciones detectadas en el replay
| 0:32 | Construir | House |
| 0:33 | Construir | House |
Cronología de la partida
| 1:02 | 张金金吃榴莲 · resign |
[ ANÁLISIS IA · 1 CRÉDITO ]
¿Qué pasó realmente en esta partida?
Wolo.gg analiza cada decisión: build order, eco, micro, errores típicos por bracket. Análisis personalizado por WhatsApp o Discord en 30 segundos.
Guía civ
Magiares
Perfil
Jugador #6798244